 Dungeon Crawl Stone Soup version 0.28-a0-563-gf77a47075d (webtiles) character file.

Game seed: 1727458489493324099

13701 pokeman the Eclecticist (level 11, -22/62 HPs)
             Began as a Deep Elf Hedge Wizard on Sept 30, 2021.
             Was a High Priest of Vehumet.
             Annihilated by a boulder beetle (39 damage)
             ... on level 11 of the Dungeon.
             The game lasted 00:41:16 (12257 turns).

pokeman the Eclecticist (Deep Elf Hedge Wizard)    Turns: 12257, Time: 00:41:18

Health: -22/62     AC: 11    Str:  7    XL:     11   Next: 79%
Magic:  34/42      EV: 11    Int: 23    God:    Vehumet [*****.]
Gold:   451        SH:  0    Dex: 14    Spells: 30/42 levels left

rFire   + . .      SeeInvis .   J - staff of fire
rCold   . . .      Faith    .   (no shield)
rNeg    . . .      Spirit   .   S - +0 acid dragon scales
rPois   +          Reflect  .   c - +0 hat
rElec   .          Harm     .   w - +0 cloak
rCorr   +          Rampage  .   E - +0 pair of gloves {archery}
Will    +....                   C - +0 pair of boots
Stlth   ++........              m - amulet of magic regeneration
HPRegen 0.20/turn               g - ring of poison resistance
MPRegen 0.53/turn               j - ring of magical power

@: studying Throwing
A: no striking features
a: Renounce Religion


You were on level 11 of the Dungeon.
You worshipped Vehumet.
Vehumet was extremely pleased with you.
You visited 2 branches of the dungeon, and saw 12 of its levels.
You also visited: Sewer.

You collected 451 gold pieces.

Inventory:

Hand Weapons
 u - a +1 dagger of venom
 B - a +6 shortbow
 G - a +0 quick blade
 K - a +3 quarterstaff of chaos
Missiles
 h - 184 arrows
 i - 128 bolts
Armour
 c - a +0 hat (worn)
 r - a +0 troll leather armour {Purgy}
 w - a +0 cloak (worn)
 C - a +0 pair of boots (worn)
 E - a +0 pair of gloves of archery (worn)
 M - +0 steam dragon scales
 S - +0 acid dragon scales (worn)
Magical Staves
 J - a staff of fire (weapon)
Jewellery
 g - a ring of poison resistance (left hand)
 j - a ring of magical power (right hand)
 m - an amulet of magic regeneration (around neck)
 y - an amulet of faith
 O - an amulet of reflection
Wands
 x - a wand of mindburst (17)
 H - a wand of flame (29)
 X - a wand of polymorph (10)
Scrolls
 b - 7 scrolls of teleportation {unknown}
 d - 2 scrolls of fear {unknown}
 f - 6 scrolls of identify {unknown}
 k - 4 scrolls of magic mapping {unknown}
 o - 2 scrolls of noise {unknown}
 t - a scroll of acquirement {unknown}
 v - 3 scrolls of enchant armour {unknown}
 z - a scroll of vulnerability {unknown}
 I - 2 scrolls of amnesia {unknown}
 L - a scroll of summoning {unknown}
 N - a scroll of brand weapon {unknown}
 P - a scroll of fog {unknown}
 Q - 2 scrolls of blinking {unknown}
 U - a scroll of enchant weapon {unknown}
 V - a scroll of silence {unknown}
Potions
 a - 4 potions of might {unknown}
 e - 3 potions of cancellation {unknown}
 l - 6 potions of heal wounds {unknown}
 n - 4 potions of mutation {unknown}
 p - 4 potions of curing {unknown}
 q - 3 potions of haste {unknown}
 s - a potion of degeneration {unknown}
 A - a potion of lignification {unknown}
 D - 2 potions of attraction {unknown}
 T - 2 potions of berserk rage {unknown}
 W - a potion of resistance {unknown}


   Skills:
 + Level 4.6 Fighting
 - Level 5.0 Armour
 - Level 3.0 Dodging
 - Level 3.0 Stealth
 * Level 16.0 Spellcasting
 + Level 9.4 Conjurations
 + Level 6.4 Summonings
 - Level 1.1 Translocations
 - Level 6.0 Fire Magic
 - Level 1.3 Air Magic
 - Level 1.1 Poison Magic
 - Level 2.0 Evocations


You had 30 spell levels left.
You knew the following spells:

 Your Spells              Type           Power      Damage    Failure   Level
a - Magic Dart            Conj           100%       1d8       1%          1
b - Mephitic Cloud        Conj/Pois/Air  36%        N/A       1%          3
c - Call Imp              Summ           47%        N/A       1%          2
d - Blink                 Tloc           N/A        N/A       4%          2
e - Conjure Flame         Conj/Fire      69%        6-21      1%          3
f - Foxfire               Conj/Fire      100%       2x1d9     1%          1

Your spell library contained the following spells:

 Spells                   Type           Power      Damage    Failure   Level
 Flame Wave               Conj/Fire      69%        3d12      1%          4
 Irradiate                Conj/Tmut      20%        3d20      6%          5
 Slow                     Hex            18%        N/A       8%          2
 Sublimation of Blood     Necr           9%         N/A       8%          2
 Lesser Beckoning         Tloc           23%        N/A       10%         3
 Tukima's Dance           Hex            18%        N/A       16%         3
 Passage of Golubria      Tloc           N/A        N/A       32%         4
 Yara's Violent Unravell  Hex/Tmut       9%         3d6       34%         5
 Petrify                  Tmut/Erth      18%        N/A       45%         4
 Manifold Assault         Tloc           23%        N/A       67%         5
 Silence                  Hex/Air        10%        N/A       75%         5
 Lehudib's Crystal Spear  Conj/Erth      20%        10d6      100%        8


Dungeon Overview and Level Annotations

Branches:
Dungeon (11/15)            Temple (1/1) D:6            Lair (0/6) D:9
    Orc (0/2) D:9           Sewer (visited)

Altars:
Ashenzari
Cheibriados
Dithmenos
Elyvilon
Fedhas
Gozag
Hepliaklqana
Kikubaaqudgha
Makhleb
Nemelex Xobeh
Okawaru
Qazlal
Ru
Sif Muna
Trog
Uskayaw
Vehumet
Wu Jian
Xom
Yredelemnul
Zin
The Shining One
Beogh

Shops:
D:7 [   D:9 [


Message History

The mass of ice explodes!
The iceblast engulfs the boulder beetle!
The boulder beetle is moderately wounded.
The boulder beetle seems less confused.
The boulder beetle curls into a ball and begins rolling!
Unknown command.
Casting: Blink (safe; 4% risk of failure)
Confirm with . or Enter, or press ? or * to list all spells.
Aiming: Mephitic Cloud (safe; 1% risk of failure)
Press: ? - help, Shift-Dir - straight line, f/p - boulder beetle
Aim: a boulder beetle (moderately wounded, rolling, chance to affect: 43%)
The ball explodes into a vile cloud!
The stinking cloud engulfs the boulder beetle but does no damage.
The boulder beetle is moderately wounded.
The boulder beetle is engulfed in noxious fumes.
The boulder beetle appears confused.
The boulder beetle is engulfed in blazing flames.
The boulder beetle is engulfed in noxious fumes.
The boulder beetle is engulfed in blazing flames.
The boulder beetle is engulfed in blazing flames.
The boulder beetle is engulfed in noxious fumes.
The boulder beetle appears confused.
Aiming: Iceblast
Press: ? - help, Shift-Dir - straight line, f/p - boulder beetle
Aim: a boulder beetle (noxious fumes, heavily wounded, rolling, confused)
The mass of ice explodes!
The iceblast engulfs the boulder beetle but does no damage.
The boulder beetle is heavily wounded.
The boulder beetle is engulfed in noxious fumes.
The boulder beetle appears confused.
Unknown command.
Aiming: Iceblast
Press: ? - help, Shift-Dir - straight line, f/p - boulder beetle
Aim: a boulder beetle (heavily wounded, rolling, confused)
The mass of ice explodes!
The iceblast engulfs the boulder beetle but does no damage.
The boulder beetle is heavily wounded.
The now-empty wand crumbles to dust.
The boulder beetle hits you!!!
Ouch! That really hurt!
You die...

##...#...................#
##..#####....)...........##
#..## ##........÷..##### ##
..## ##.......[.## #. ..#
#........## .# ..#
#........## #.# ..#
##........#####.# ..#
#......○○○°##..# ..#
##....@B.○.☼§..# ..#
#.....########## ..##
##.....# ...# ##......#
...## ##.......#
....####........##
...........###...##
.........### ##...##
########## ###..###


You could see a boulder beetle (rolling, confused).

Vanquished Creatures
  Snorg (D:11)
  Pikel (D:6)
  An ugly thing (D:11)
  2 manticores
  Joseph (D:6)
  A gargoyle (D:10)
  5 kobold demonologists
  A komodo dragon (D:9)
  The ghost of snackwell the Firebug, a novice OpFE of Gozag (D:5)
  A troll (D:6)
  A wraith (D:10)
  A shadow (D:10)
  12 yaks
  Eustachio (D:6)
  A steam dragon (D:8)
  Menkaure (D:7)
  3 acid dragons
  A black bear (D:9)
  5 orc warriors
  Purgy (Sewer)
  3 sky beasts
  3 ice beasts
  2 necrophages
  An ogre (D:5)
  3 centaurs
  A phantom (D:6)
  14 kobold brigands
  3 lemures (D:6)
  3 bullfrogs
  4 scorpions
  A water moccasin zombie (D:6)
  A wyvern zombie (D:8)
  11 howler monkeys
  14 wights
  4 bullfrog zombies (D:6)
  3 centaur zombies
  2 jellies
  A bullfrog skeleton (D:7)
  A centaur skeleton (D:7)
  7 orc priests
  Crazy Yiuf (D:7)
  3 hounds
  2 iguanas
  11 orc wizards
  A hound skeleton (D:4)
  A howler monkey zombie (D:9)
  6 adders
  A howler monkey skeleton (D:7)
  8 gnolls (D:5)
  3 shadow imps (D:8)
  5 white imps
  6 worms
  5 dart slugs
  32 orcs
  7 ball pythons
  3 bats
  7 endoplasms
  2 giant cockroaches
  20 goblins
  8 hobgoblins
  6 jackals
  4 quokkas
  5 frilled lizards
  40 kobolds
  8 kobold skeletons (D:8)
  10 kobold zombies (D:8)
  9 rats
338 creatures vanquished.

Vanquished Creatures (others)
  An orc wizard (D:8)
  755 foxfires
  34 fungi (D:9)
  44 plants (D:9)
834 creatures vanquished.

Grand Total: 1172 creatures vanquished

Notes
Turn   | Place    | Note
-------+----------+-------------------------------------------
     0 | D:1      | pokeman the Deep Elf Hedge Wizard began the quest for the
                  | Orb.
     0 | D:1      | Reached XP level 1. HP: 10/10 MP: 7/7
   511 | D:1      | Reached XP level 2. HP: 16/16 MP: 3/9
   946 | D:1      | Reached skill level 5 in Spellcasting
  1356 | D:1      | Reached XP level 3. HP: 20/20 MP: 9/11
  1360 | D:1      | Learned a level 3 spell: Mephitic Cloud
  1363 | D:1      | Learned a level 2 spell: Call Imp
  1366 | D:1      | Learned a level 2 spell: Blink
  1370 | D:1      | Learned a level 3 spell: Conjure Flame
  2024 | D:2      | Reached skill level 1 in Fighting
  2062 | D:2      | Reached skill level 1 in Armour
  2309 | D:2      | Reached XP level 4. HP: 25/25 MP: 8/13
  3252 | D:3      | Reached skill level 1 in Fire Magic
  3256 | D:3      | Reached skill level 6 in Spellcasting
  3256 | D:3      | Reached XP level 5. HP: 29/29 MP: 12/15
  3723 | D:4      | Found a glowing drain.
  3741 | Sewer    | Entered a sewer
  3903 | Sewer    | Noticed Purgy
  3930 | Sewer    | Killed Purgy
  3931 | Sewer    | Reached skill level 1 in Air Magic
  3931 | Sewer    | Reached XP level 6. HP: 20/34 MP: 2/17
  4274 | D:4      | Reached skill level 7 in Spellcasting
  4348 | D:4      | Reached skill level 1 in Poison Magic
  4405 | D:4      | Found an iron altar of Okawaru.
  4458 | D:4      | You fall into a shaft and drop 1 floor!
  4458 | D:5      | Entered Level 5 of the Dungeon
  4782 | D:4      | Found a shadowy altar of Dithmenos.
  4783 | D:4      | Found a burning altar of Makhleb.
  4783 | D:4      | Found a glowing silver altar of Zin.
  5046 | D:5      | Identified the +1 scale mail "Aphifooruca" {*Corrode rF+
                  | Will+}
  5047 | D:5      | Found a runed translucent gate.
  5047 | D:5      | Found a runed translucent gate.
  5047 | D:5      | Found a runed translucent gate.
  5047 | D:5      | Noticed snackwell's ghost (novice OpFE)
  5102 | D:5      | Reached XP level 7. HP: 39/39 MP: 20/20
  5208 | D:5      | Reached skill level 8 in Spellcasting
  5237 | D:5      | Identified the +0 scale mail "Duedeom" {*Corrode Will+
                  | Regen+}
  5373 | D:5      | Reached XP level 8. HP: 44/44 MP: 19/22
  5653 | D:5      | Reached skill level 9 in Spellcasting
  5663 | D:5      | Killed snackwell's ghost
  5783 | D:6      | Reached skill level 5 in Conjurations
  5931 | D:6      | Reached skill level 10 in Spellcasting
  6234 | D:6      | Found a staircase to the Ecumenical Temple.
  6245 | Temple   | Entered the Ecumenical Temple
  6341 | Temple   | Became a worshipper of Vehumet
  6434 | D:6      | Noticed Pikel
  6458 | D:6      | Killed Pikel
  6458 | D:6      | Noticed Eustachio
  6459 | D:6      | Reached skill level 11 in Spellcasting
  6459 | D:6      | Reached XP level 9. HP: 45/49 MP: 26/26
  6474 | D:6      | Killed Eustachio
  6617 | D:6      | Noticed a troll
  6621 | D:6      | Noticed a manticore
  6652 | D:6      | Killed a manticore
  6653 | D:6      | Reached skill level 1 in Evocations
  6924 | D:6      | Killed a troll
  6925 | D:6      | Reached skill level 12 in Spellcasting
  7047 | D:7      | Noticed Joseph
  7077 | D:6      | Killed Joseph
  7263 | D:7      | Reached * piety under Vehumet
  7263 | D:7      | Offered knowledge of Foxfire by Vehumet.
  7266 | D:7      | Learned a level 1 spell: Foxfire
  7392 | D:7      | Noticed Menkaure
  7398 | D:7      | Killed Menkaure
  7536 | D:7      | Reached XP level 10. HP: 56/56 MP: 28/28
  7684 | D:7      | Found Teisoh's Armour Shoppe.
  7890 | D:7      | Found a runed translucent door.
  7891 | D:7      | Noticed Crazy Yiuf
  7900 | D:7      | Killed Crazy Yiuf
  8266 | D:8      | Reached skill level 5 in Summonings
  8278 | D:8      | Reached skill level 13 in Spellcasting
  8599 | D:8      | Reached ** piety under Vehumet
  8604 | D:8      | Offered knowledge of Static Discharge by Vehumet.
  8722 | D:8      | Reached *** piety under Vehumet
  8745 | D:8      | Reached skill level 5 in Fire Magic
  8791 | D:8      | Offered knowledge of Searing Ray by Vehumet.
  8970 | D:8      | Found an ancient bone altar of Kikubaaqudgha.
  9127 | D:9      | Noticed a manticore
  9136 | D:9      | Offered knowledge of Fulminant Prism by Vehumet.
  9146 | D:9      | Reached skill level 14 in Spellcasting
  9159 | D:9      | Killed a manticore
  9285 | D:9      | Reached XP level 11. HP: 61/61 MP: 31/31
  9415 | D:9      | Reached **** piety under Vehumet
  9586 | D:9      | Found a staircase to the Lair.
  9593 | D:9      | Found Saelax's Armour Emporium.
 10117 | D:9      | Found a staircase to the Orcish Mines.
 10134 | D:9      | Offered knowledge of Flame Wave by Vehumet.
 10396 | D:10     | Entered Level 10 of the Dungeon
 10793 | D:10     | Reached skill level 15 in Spellcasting
 11014 | D:10     | Noticed a yaktaur captain
 11199 | D:10     | Reached skill level 5 in Armour
 11334 | D:10     | Found a bloodstained altar of Trog.
 11693 | D:11     | Noticed a red ugly thing
 11867 | D:11     | Killed a red ugly thing
 11958 | D:11     | Noticed Snorg
 11986 | D:11     | Killed Snorg
 11986 | D:11     | Reached ***** piety under Vehumet
 11987 | D:11     | Reached skill level 16 in Spellcasting
 12032 | D:11     | Noticed a boulder beetle
 12257 | D:11     | Annihilated by a boulder beetle

Illustrated notes

Levels and vault maps discovered:
D:1:      minmay_arrival_up_and_down, layout_basic, nrook_campfire,
          serial_bayou_pond_e
D:2:      kennysheep_the_goblin_king, layout_basic, minmay_pentomino_pile
D:3:      layout_basic, dk_noncrumbling_2
D:4:      minmay_general_purpose_star, layout_loops_ring,
          chequers_temple_overflow_statue_of_worship,
          cheibrodos_sewer_entry_drain
D:5:      layout_rooms, biasface_ghost_orc_armoury
D:6:      minmay_evil_eye, layout_basic, minmay_temple_entry_crystal_x,
          minmay_manual_mess, uniq_pikel, uniq_eustachio
D:7:      layout_cave_pods, serial_shops, shop, uniq_menkaure,
          uniq_crazy_yiuf_cottage, uniq_joseph
D:8:      wander_kiku_kobolds, layout_basic
D:9:      layout_layer_cave, due_lair_maze_entry_diamond, orc_0_dummy,
          serial_shops, shop
D:10:     layout_roguey, tgw_trog, amethyst_killhole, wad_dig_loot
D:11:     layout_layer_cave, nicolae_trove_entry_isolated, uniq_snorg
Temple:   minmay_temple_bridge_d

Skill      XL: |  1  2  3  4  5  6  7  8  9 10 11 |
---------------+----------------------------------+-----
Spellcasting   | 5 6 7 8 11 12 14 16 | 16.0
Fighting       | 1 2 3 4 |  4.6
Armour         | 1 3 4 5 |  5.0
Conjurations   | 2 3 4 6 8 9 |  9.4
Fire Magic     | 1 2 4 5 6 |  6.0
Dodging        | 3 |  3.0
Stealth        | 3 |  3.0
Air Magic      | 1 |  1.3
Poison Magic   | 1 |  1.1
Summonings     | 2 3 4 5 6 |  6.4
Evocations     | 2 |  2.0
Translocations | |  1.1

Action                   |  1- 3 |  4- 6 |  7- 9 | 10-12 || total
-------------------------+-------+-------+-------+-------++-------
Melee: Dagger            |     2 |    26 |    86 |       ||   114
       Flail             |       |    13 |       |       ||    13
       Staff             |       |       |       |    92 ||    92
 Cast: Magic Dart        |   108 |   133 |   117 |     4 ||   362
       Mephitic Cloud    |       |    11 |    19 |    58 ||    88
       Conjure Flame     |       |     3 |    25 |    45 ||    73
       Blink             |       |     1 |     3 |    12 ||    16
       Call Imp          |       |       |     3 |     3 ||     6
       Foxfire           |       |       |    12 |   393 ||   405
Evoke: Wand              |       |       |       |    22 ||    22
 Stab: Confused          |       |     6 |     8 |     2 ||    16
       Sleeping          |       |     1 |       |       ||     1
Armor: Robe              |     1 |       |       |       ||     1
       Leather armour    |     5 |     8 |       |       ||    13
       Troll leather arm |       |     8 |    34 |    29 ||    71
       Acid dragon scale |       |       |       |    21 ||    21
Dodge: Dodged            |     7 |    49 |    64 |    91 ||   211

Table legend: (Time is in decaauts)
 A = Elapsed time spent in this place.
 B = Non-inter-level travel time spent in this place.
 C = Inter-level travel time spent in this place.
 D = Time resting spent in this place.
 E = Time spent auto-exploring this place.
 F = Levels seen in this place.
 G = Mean time per level.
                   A        B        C        D        E       F      G
               +--------+--------+--------+--------+--------+-----+--------+
         Total |  12302 |  11656 |    646 |   1004 |   8121 |  13 |  946.3 |
       Dungeon |  11722 |  11176 |    546 |    966 |   7785 |  11 | 1065.6 |
        Temple |    167 |     67 |    100 |      0 |     61 |   1 |  167.0 |
         Sewer |    412 |    412 |      0 |     38 |    275 |   1 |  412.0 |
               +--------+--------+--------+--------+--------+-----+--------+

Top non-repeatable levels by time:
     D:1: 1580 daAuts
     D:2: 1501 daAuts
    D:10: 1468 daAuts
     D:9: 1308 daAuts
     D:6: 1288 daAuts
     D:8: 971 daAuts
     D:7: 904 daAuts
     D:4: 841 daAuts
     D:5: 828 daAuts
     D:3: 629 daAuts
   Sewer: 412 daAuts
    D:11: 400 daAuts
  Temple: 167 daAuts
